 Dungeon Crawl Stone Soup version 0.27-a0-1228-gfd60fd639a (webtiles) character file.

Game seed: 4630001532330773383

793 siradein the Grasshopper (level 7, 0/34 HPs)
             Began as a Vine Stalker Warper on June 7, 2021.
             Was an Initiate of Hepliaklqana.
             Killed from afar by a white imp (3 damage)
             ... with a puff of frost
             ... on level 5 of the Dungeon on June 8, 2021.
             The game lasted 00:11:39 (3697 turns).

siradein the Grasshopper (Vine Stalker Warper)      Turns: 3697, Time: 00:11:40

Health: 0/34       AC:  5    Str: 22    XL:     7   Next: 88%
Magic:  0/11       EV: 27    Int: 13    God:    Hepliaklqana [......]
Gold:   111        SH:  0    Dex: 13    Spells: 4/10 levels left

rFire    + . .     SeeInvis .   s - +0 trident
rCold    . . .     Faith    .   (no shield)
rNeg     + . .     Spirit   +   t - +1 robe "Ugod" {Rampage rN+}
rPois    .         Reflect  .   j - +1 hat
rElec    .         Harm     .   (no cloak)
rCorr    .         Rampage  +   q - +0 pair of gloves
Will     .....                  (no boots)
Stlth    +.........             v - amulet of the acrobat
HPRegen  1.11/turn              k - +6 ring of strength
MPRegen  0.12/turn              p - ring of protection from fire

@: marked, acrobatic
A: fangs 2, regeneration 1, magic shield, antimagic bite, no potion heal 2
a: Renounce Religion


You were on level 5 of the Dungeon.
You worshipped Hepliaklqana.
Hepliaklqana was noncommittal.
You visited 2 branches of the dungeon, and saw 6 of its levels.
You also visited: Ossuary.

You collected 242 gold pieces.
You spent 131 gold pieces at shops.

Inventory:

Hand Weapons
 s - a +0 trident (weapon)
Missiles
 b - 2 throwing nets
 e - 5 boomerangs of dispersal
 g - 8 javelins
 i - 139 stones (quivered)
 m - 5 boomerangs
Armour
 j - a +1 hat (worn)
 q - a +0 pair of gloves (worn)
 t - the +1 robe "Ugod" (worn) {Rampage rN+}
   (You bought it in a shop on level 2 of the Dungeon)

   It protects you from negative energy.
   It bestows one free step when moving towards enemies.
Jewellery
 k - a +6 ring of strength (left hand)
 p - a ring of protection from fire (right hand)
 v - an amulet of the acrobat (around neck)
Scrolls
 a - 2 scrolls of teleportation {unknown}
 d - a scroll of blinking
 f - a scroll of summoning {unknown}
 h - a scroll of enchant armour {unknown}
 l - a scroll of fear {unknown}
 n - a scroll of immolation {unknown}
 o - 3 scrolls of identify {unknown}
 x - 5 scrolls of noise {unknown}
Potions
 c - a potion of might {unknown}
 r - a potion of flight {unknown}
 u - a potion of heal wounds {unknown}
 w - a potion of haste {unknown}
 z - a potion of curing {unknown}
 A - a potion of mutation {unknown}


   Skills:
 - Level 1.7 Fighting
 + Level 5.7 Polearms
 - Level 0.8 Throwing
 - Level 0.7 Armour
 - Level 1.5 Dodging
 - Level 2.1 Spellcasting
 + Level 6.7 Translocations


You had 4 spell levels left.
You knew the following spells:

 Your Spells              Type           Power      Damage    Failure   Level
a - Blink                 Tloc           N/A        N/A       2%          2
b - Gell's Gravitas       Tloc           9%         N/A       4%          3
c - Apportation           Tloc           36%        N/A       1%          1

Your spell library contained the following spells:

 Spells                   Type           Power      Damage    Failure   Level
 Lesser Beckoning         Tloc           9%         N/A       4%          3
 Teleport Other           Tloc           18%        N/A       4%          3
 Animate Skeleton         Necr           2%         N/A       26%         1
 Corona                   Hex            1%         N/A       26%         1
 Summon Small Mammal      Summ           4%         N/A       26%         1
 Manifold Assault         Tloc           18%        N/A       41%         5


Dungeon Overview and Level Annotations

Branches:
Dungeon (4/15)             Temple (1/1) D:4         Ossuary (visited)

Altars:
Cheibriados
Dithmenos
Elyvilon
Fedhas
Hepliaklqana
Okawaru
Qazlal
Ru
Sif Muna
Uskayaw
Xom
The Shining One

Shops:
D:1 !   D:2 [


Innate Abilities, Weirdness & Mutations

You have extremely sharp teeth.
Your natural rate of healing is unusually fast.
When hurt, damage is shared between your health and your magic reserves.
Your bite disrupts and absorbs the magic of your enemies.
Potions cannot restore your health.


Message History

The orc priest calls down the wrath of Beogh upon you.
Beogh smites you! The orc barely misses you.
You puncture the orc priest!
You kill the orc priest!
The white imp gestures at you. The puff of frost hits you!
The orc barely misses you.
You are too injured to fight recklessly!
You are too injured to fight recklessly!
You are too injured to fight recklessly!
Unknown command.
You barely miss the orc. You bite the orc, but do no damage.
The orc hits you with a +0 whip.
You hit the orc but do no damage. Your bite misses the orc.
The white imp gestures at you. The puff of frost hits you!
* * * LOW HITPOINT WARNING * * *
The orc misses you.
You hit the orc but do no damage. You bite the orc, but do no damage.
The white imp gestures at you. The puff of frost hits you.
* * * LOW HITPOINT WARNING * * *
The orc hits you with a +0 whip.
* * * LOW HITPOINT WARNING * * *
Unknown command.
You closely miss the white imp.
You bite the white imp, but do no damage.
The white imp closely misses you. The orc hits you but does no damage.
The white imp lashes its tail.
You hit the white imp but do no damage. Your bite misses the white imp.
The white imp hits you but does no damage.
The orc hits you with a +0 whip.
* * * LOW HITPOINT WARNING * * *
You hit the white imp but do no damage. The white imp gestures at you.
The puff of frost hits you!
* * * LOW HITPOINT WARNING * * *
The orc hits you but does no damage. The white imp gestures at you.
The puff of frost hits you.
You die...

..##.........#
.............#
...........###
...........# #...
...##..)....# #...
............#
#......#####.....#
.....#.#...#.....#
.......#.o@)..####
.......#..5#..#
.......#####.##
..o{...o..[..#
##.##.....####
#....## #+#>##
...# ....#


You could see a white imp and an orc.

Vanquished Creatures
  An ogre (D:4)
  4 crimson imps
  3 centaur zombies (Ossuary)
  A hound (D:5)
  An orc priest (D:5)
  A centaur skeleton (D:4)
  An iguana (D:4)
  3 orc wizards
  Natasha (thrice) (D:2)
  2 mummies (Ossuary)
  8 adders
  A shadow imp (D:3)
  4 worms
  A dart slug (D:4)
  15 orcs
  13 endoplasms
  4 giant cockroaches
  6 goblins
  7 hobgoblins
  5 kobolds
  3 quokkas
  3 ball pythons
  11 bats
  A frilled lizard (D:3)
  A hobgoblin zombie (Ossuary)
  8 rats
111 creatures vanquished.

Notes
Turn   | Place    | Note
-------+----------+-------------------------------------------
     0 | D:1      | siradein the Vine Stalker Warper began the quest for the
                  | Orb.
     0 | D:1      | Reached XP level 1. HP: 11/11 MP: 4/4
   248 | D:1      | Reached XP level 2. HP: 15/15 MP: 6/6
   273 | D:1      | Found Pysaergh's Distillery.
   371 | D:1      | Learned a level 2 spell: Blink
   755 | D:2      | Reached XP level 3. HP: 18/18 MP: 7/7
   762 | D:2      | Learned a level 3 spell: Gell's Gravitas
   849 | D:2      | Found a faded altar of an unknown god.
   985 | D:2      | Found Foiban's Antique Armour Shoppe.
  1325 | D:2      | Gained mutation: Your natural rate of healing is unusually
                  | fast. [Vine Stalker growth]
  1325 | D:2      | Reached XP level 4. HP: 23/23 MP: 8/8
  1354 | D:2      | Reached skill level 4 in Translocations
  1482 | D:2      | Noticed Natasha
  1526 | D:2      | Killed Natasha
  1584 | D:2      | Noticed Natasha
  1600 | D:2      | Killed Natasha
  1601 | D:2      | Reached XP level 5. HP: 15/26 MP: 4/9
  1768 | D:2      | Noticed Natasha
  1777 | D:2      | Killed Natasha
  1878 | D:3      | Found a snail-covered altar of Cheibriados.
  2014 | D:3      | Reached skill level 5 in Translocations
  2029 | D:3      | Learned a level 1 spell: Apportation
  2048 | D:3      | Reached XP level 6. HP: 30/30 MP: 10/10
  2228 | D:3      | Found a stormy altar of Qazlal.
  2474 | D:3      | Found a shimmering altar of Xom.
  3026 | D:4      | Reached skill level 5 in Polearms
  3026 | D:4      | Reached XP level 7. HP: 30/34 MP: 7/11
  3051 | D:4      | Reached skill level 6 in Translocations
  3117 | D:2      | Bought a faintly glowing robe for 131 gold pieces
  3117 | D:2      | Identified the +1 robe "Ugod" {Rampage rN+} (You bought it
                  | in a shop on level 2 of the Dungeon)
  3264 | D:4      | Found a staircase to the Ecumenical Temple.
  3319 | Temple   | Entered the Ecumenical Temple
  3467 | Temple   | Became a worshipper of Hepliaklqana the Forgotten
  3487 | D:4      | You fall into a shaft and drop 1 floor!
  3487 | D:5      | Entered Level 5 of the Dungeon
  3511 | D:5      | Found a sand-covered staircase.
  3516 | Ossuary  | Entered an ossuary
  3696 | D:5      | HP: 1/34 [white imp/puff of frost (6)]
  3697 | D:5      | Killed from afar by a white imp

Illustrated notes

Levels and vault maps discovered:
D:1:      dpeg_arrival_fog, layout_basic, serial_shops, shop,
          hangedman_decor_lopped
D:2:      layout_rooms, serial_shops, shop, chequers_ecumenical_altar_simple,
          minmay_misc_feat_ornament, minmay_3d_cube, uniq_natasha
D:3:      layout_basic, cheibrodos_worm_habitat, led_xom_imps,
          amcnicky_altar_gilded, minmay_box_of_dots
D:4:      layout_loops_ring, nicolae_vehumet_altar_sigil,
          minmay_temple_entry_waves, st_stairs_1, minmay_vboxes
D:5:      layout_basic, zin_angel, kiku_gazebo_pond_becter, enter_ossuary_2,
          minmay_manual_mares
Temple:   nicolae_temple_figure_zero

Skill      XL: |  1  2  3  4  5  6  7 |
---------------+----------------------+-----
Polearms       | 2 3 4 5 |  5.7
Translocations | 4 5 6 |  6.7
Fighting       | |  1.7
Throwing       | |  0.8
Armour         | |  0.7
Dodging        | |  1.5
Spellcasting   | |  2.1

Action                   |  1- 3 |  4- 6 |  7- 9 || total
-------------------------+-------+-------+-------++-------
Melee: Spear             |   115 |   341 |    15 ||   471
       Bite              |    20 |    71 |    43 ||   134
       Trident           |       |       |   100 ||   100
Throw: Stone             |       |     7 |       ||     7
 Cast: Apportation       |       |       |     1 ||     1
 Stab: Sleeping          |       |     2 |       ||     2
       Invisible         |       |     1 |       ||     1
Armor: Leather armour    |    35 |    79 |     3 ||   117
       Robe              |       |       |    75 ||    75
Dodge: Dodged            |    49 |   152 |   156 ||   357

Table legend: (Time is in decaauts)
 A = Elapsed time spent in this place.
 B = Non-inter-level travel time spent in this place.
 C = Inter-level travel time spent in this place.
 D = Time resting spent in this place.
 E = Time spent auto-exploring this place.
 F = Levels seen in this place.
 G = Mean time per level.
                   A        B        C        D        E       F      G
               +--------+--------+--------+--------+--------+-----+--------+
         Total |   3694 |   3545 |    149 |      0 |   2310 |   7 |  527.7 |
       Dungeon |   3417 |   3278 |    139 |      0 |   2197 |   5 |  683.4 |
        Temple |    158 |    148 |     10 |      0 |    113 |   1 |  158.0 |
       Ossuary |    119 |    119 |      0 |      0 |      0 |   1 |  119.0 |
               +--------+--------+--------+--------+--------+-----+--------+

Top non-repeatable levels by time:
     D:2: 1224 daAuts
     D:3: 958 daAuts
     D:1: 747 daAuts
     D:4: 393 daAuts
  Temple: 158 daAuts
 Ossuary: 119 daAuts
     D:5: 92 daAuts
